 Dungeon Crawl Stone Soup version 0.29-a0-902-g0f71de6fce (webtiles) character file.

Game seed: 10464967846261491295

9 greasedhog the Cudgeller (level 2, -2/19 HPs)
             Began as a Gargoyle Monk on July 25, 2022.
             Slain by a goblin
             ... wielding a +0 dagger of distortion
              (4 damage)
             ... on level 2 of the Dungeon.
             The game lasted 00:01:15 (685 turns).

greasedhog the Cudgeller (Gargoyle Monk)             Turns: 685, Time: 00:01:16

Health: -2/19      AC:  7    Str: 14    XL:     2   Next: 16%
Magic:  2/2        EV: 10    Int: 10    God:
Gold:   37         SH:  3    Dex: 12    Spells: 1/1 levels left

rFire   . . .      SeeInvis .   i - +0 flail
rCold   . . .      Faith    .   e - +0 buckler
rNeg    + . .      Spirit   .   h - +0 ring mail
rPois   ∞          Reflect  .   (no helmet)
rElec   +          Harm     .   (no cloak)
rCorr   .          Rampage  .   (no gloves)
Will    .....                   (no boots)
Stlth   +.........              (no amulet)
HPRegen 0.06/turn               d - ring of flight
MPRegen 0.08/turn               (no ring)

@: flying
A: sickness immunity, AC +2, negative energy resistance 1, electricity
resistance, torment resistance 1, petrification resistance
a: no special abilities


You were on level 2 of the Dungeon.
You visited 1 branch of the dungeon, and saw 2 of its levels.

You collected 37 gold pieces.

Inventory:

Hand Weapons
 i - a +0 flail (weapon)
Armour
 e - a +0 buckler (worn)
 h - a +0 ring mail (worn)
Jewellery
 d - a ring of flight (left hand)
Scrolls
 j - a scroll of amnesia {unknown}
Potions
 a - 2 potions of attraction {unknown}
 b - a potion of lignification {unknown}
 c - a potion of ambrosia
 f - a potion of magic {unknown}
 g - a potion of mutation {unknown}


   Skills:
 - Level 3.2 Fighting
 * Level 3.3 Maces & Flails
 * Level 2.7 Dodging
 - Level 2.1 Stealth


You had one spell level left.
You didn't know any spells.
Your spell library was empty.

Dungeon Overview and Level Annotations

Branches:
Dungeon (2/15)

Altars:


Innate Abilities, Weirdness & Mutations

You are immune to sickness and miasma.
Your stone body is resilient. (AC +2)
You are immune to poison.
You resist negative energy. (rN+)
You are resistant to electric shocks. (rElec)
You are resistant to unholy torment.
You are immune to petrification.


Message History

You kill the rat!
You see here a rat corpse.
No target in view!
The goblin shouts!
A dart slug comes into view.
An adder comes into view.
The goblin hits you but does no damage. Space warps horribly around you!
Ouch! That really hurt!
You are too injured to fight recklessly!
You are too injured to fight recklessly!
You are too injured to fight recklessly!
You are too injured to fight recklessly!
You are too injured to fight recklessly!
You are too injured to fight recklessly!
You are too injured to fight recklessly!
You are too injured to fight recklessly!
You are too injured to fight recklessly!
You are too injured to fight recklessly!
You closely miss the goblin.
The adder hisses angrily.
The goblin hits you with a +0 dagger of distortion.
Space warps around you. The goblin barely misses you.
You closely miss the goblin. The goblin hits you but does no damage.
The adder attacks as you move away! The adder misses you.
The dart slug launches a dart at you.
The slug dart hits you but does no damage.
The goblin attacks as you move away! The goblin closely misses you.
The adder bites you but does no damage. The goblin attacks as you move away!
The goblin hits you but does no damage. Space warps around you.
* * * LOW HITPOINT WARNING * * *
The adder attacks as you move away! You block the adder's attack.
The adder bites you but does no damage. The goblin attacks as you move away!
The goblin closely misses you. The adder bites you but does no damage.
The adder attacks as you move away! The adder bites you but does no damage.
The goblin attacks as you move away!
The goblin hits you with a +0 dagger of distortion.
* * * LOW HITPOINT WARNING * * *
Space warps around you.
You die...

........(<..# ............#
######..... .###.......#
#.......... #.......# #....|.....
##.......# #........# #....##+##
#........# #.#####.# #........#
######.#####)##########.)......##
.............†..@g......w........
.................S...............
######.#####.########......###...
#.......# #......# .. #########
#......# ########


You could see an adder and a goblin.

Vanquished Creatures
  A ball python (D:1)
  A bat (D:2)
  A giant cockroach (D:1)
  A goblin (D:2)
  A hobgoblin (D:1)
  2 kobolds (D:1)
  2 rats
9 creatures vanquished.

Notes
Turn   | Place    | Note
-------+----------+-------------------------------------------
     0 | D:1      | greasedhog the Gargoyle Monk began the quest for the Orb.
     0 | D:1      | Reached XP level 1. HP: 14/14 MP: 1/1
   556 | D:1      | Found a faded altar of an unknown god.
   581 | D:2      | Reached XP level 2. HP: 18/19 MP: 2/2
   685 | D:2      | Slain by a goblin

Illustrated notes

Levels and vault maps discovered:
D:1:      minmay_arrival_diagonal_passages, layout_rooms,
          chequers_ecumenical_altar_simple_redux, roderic_three_in_a_row,
          minmay_misc_feat_more_columns
D:2:      kennysheep_six_static_rooms, layout_basic, uniq_natasha

Action                   || total
-------------------------++-------
Melee: Flail             ||    19
       Mace              ||     8
Armor: Ring mail         ||    13
       Leather armour    ||     3
Dodge: Dodged            ||    18
Block: Buckler           ||     3

Table legend: (Time is in decaauts)
 A = Elapsed time spent in this place.
 B = Non-inter-level travel time spent in this place.
 C = Inter-level travel time spent in this place.
 D = Time resting spent in this place.
 E = Time spent auto-exploring this place.
 F = Levels seen in this place.
 G = Mean time per level.
                   A        B        C        D        E       F      G
               +--------+--------+--------+--------+--------+-----+--------+
         Total |    691 |    648 |     43 |      0 |    486 |   2 |  345.5 |
       Dungeon |    691 |    648 |     43 |      0 |    486 |   2 |  345.5 |
               +--------+--------+--------+--------+--------+-----+--------+

Top non-repeatable levels by time:
     D:1: 577 daAuts
     D:2: 113 daAuts
